 Dungeon Crawl Stone Soup version 0.18-a0-1745-gffa9a88 (webtiles) character file.

84 Chiseanne the Digger (level 4, -1/29 HPs)
             Began as an Octopode Earth Elementalist on Apr 11, 2016.
             Slain by an adder (4 damage)
             ... on level 2 of the Dungeon.
             The game lasted 00:05:59 (2650 turns).

Chiseanne the Digger (Octopode Earth Elementalist)  Turns: 2650, Time: 00:06:00

Health: -1/29      AC:  1    Str:  7    XL:     4   Next: 45%
Magic:  8/8        EV: 13    Int: 18    God:
Gold:   97         SH:  0    Dex: 12    Spells: 3 memorised, 2 levels left

rFire  + . .     SeeInvis .     a - +1 spear
rCold  + . .     Gourm    .     (no shield)
rNeg   . . .     Faith    .     (helmet restricted)
rPois  +         Spirit   .     (no amulet)
rElec  +         Dismiss  .     (no ring)
rCorr  +         Reflect  .     (no ring)
SustAt .         Harm     .     (no ring)
MR     .....                    (no ring)
Stlth  +++.......               (no ring)
                                (no ring)
                                (no ring)
                                (no ring)

@: lethally poisoned (-1 -> -4), resistant, not resistant to hostile
enchantments, fairly stealthy
A: almost no armour, amphibious, 8 rings, constrict 8, camouflage 1, gelatinous
body 1
a: no special abilities


You were on level 2 of the Dungeon.
You were hungry.

You visited 1 branch of the dungeon, and saw 2 of its levels.

You collected 97 gold pieces.

Inventory:

Hand Weapons
 a - a +1 spear (weapon)
Missiles
 d - 22 bolts
 e - 9 arrows of frost
 f - 19 arrows
 j - 13 sling bullets
Scrolls
 l - 2 scrolls of teleportation
Potions
 g - a potion of invisibility
Books
 b - a book of Geomancy

   Spells                             Type                      Level
   a - Sandblast                      Earth                        1
   b - Passwall                       Transmutation/Earth          2
   c - Stone Arrow                    Conjuration/Earth            3
   d - Petrify                        Transmutation/Earth          4
   e - Lee's Rapid Deconstruction     Earth                        5
Comestibles
 c - a bread ration
 i - a beef jerky


   Skills:
 * Level 1.7 Fighting
 * Level 2.9 Dodging
 - Level 2.6 Stealth
 * Level 2.8 Spellcasting
 - Level 1.0 Transmutations
 + Level 3.4 Earth Magic


You had 2 spell levels left.
You knew the following spells:

 Your Spells              Type           Power        Failure   Level  Hunger
a - Sandblast             Erth           ##....       4%          1    None
b - Passwall              Trmt/Erth      ##........   12%         2    ##.....
c - Stone Arrow           Conj/Erth      #.....       30%         3    ###....


Dungeon Overview and Level Annotations

Branches:
Dungeon (2/15)

Altars:


Innate Abilities, Weirdness & Mutations

You cannot wear most types of armour.
You are amphibious.
You can wear up to eight rings at the same time.
You can use your tentacles to constrict eight enemies at once.
Your skin changes colour to match your surroundings (Stealth).
Your rubbery body absorbs attacks (AC +1).


Message History

You barely miss the adder. Your grab misses the adder.
Your squeeze misses the adder.
You feel sick. The adder bites you.
* * * LOW HITPOINT WARNING * * *
The adder misses you.
You barely miss the adder. Your grab misses the adder.
The adder barely misses you.
Drink which item? (? for menu, Esc to quit)
You feel protected.
* * * LOW HITPOINT WARNING * * *
You feel sick. The adder barely misses you.
You barely miss the adder. Your grab misses the adder.
The adder completely misses you. The adder barely misses you.
You barely miss the adder. Your grab misses the adder.
The adder completely misses you.
You barely miss the adder. You grab the adder. You squeeze the adder.
The adder is heavily wounded.
You constrict the adder.
* * * LOW HITPOINT WARNING * * *
You feel sick. The adder bites you.
You die...

.# #...# #.#.#.# .#
#..>#########.#.#.# .#
#.#...........#.#.# .#
#.#.###########.#.# .#
#.#.##.#......#.#.# .#
#.#.#...........#.# .#
#.#.##...####.###.#####
.# #.#.######
#.#.......# .# #.#.#
#@#.#.##.## ## #.#.#
#S#.#....# #.#.#
#.#.###### ####.#.#
.......$#.# .....#.#
........#.# ######.#
........#.#
#.###########.##
#..............#
################


You could see an adder.

Vanquished Creatures
  2 adders (D:2)
  3 worms (D:2)
  2 dart slugs (D:2)
  3 bats (D:2)
  2 giant cockroaches
  12 goblins
  8 hobgoblins
  2 jackals (D:1)
  6 kobolds
  2 ball pythons
  2 giant newts
  9 rats
53 creatures vanquished.

Notes
Turn   | Place    | Note
--------------------------------------------------------------
     0 | D:1      | Chiseanne the Octopode Earth Elementalist began the quest for the Orb.
     0 | D:1      | Reached XP level 1. HP: 11/11 MP: 3/3
   337 | D:1      | Reached XP level 2. HP: 16/18 MP: 3/5
   420 | D:1      | Reached skill level 1 in Fighting
  1110 | D:1      | Reached XP level 3. HP: 23/23 MP: 6/6
  2308 | D:2      | Reached XP level 4. HP: 20/29 MP: 6/8
  2402 | D:2      | Learned a level 2 spell: Passwall
  2406 | D:2      | Learned a level 3 spell: Stone Arrow
  2650 | D:2      | Slain by an adder

Vault maps used:
D:1:      tarquinn_simple_flora_water_a, serial_park_tiny_pond

Skill      XL: |  1  2 |
---------------+-------+-----
Fighting       | 1 |  1.7
Dodging        | |  2.9
Stealth        | |  2.6
Spellcasting   | |  2.8
Transmutations | |  1.0
Earth Magic    | |  3.4

Action                   |  1- 3 |  4- 6 || total
-------------------------+-------+-------++-------
Melee: Unarmed           |    16 |       ||    16
       Spear             |    77 |    30 ||   107
       Club              |     5 |       ||     5
 Cast: Sandblast         |    14 |       ||    14
       Stone Arrow       |       |     1 ||     1
  Use: Scroll            |     5 |     3 ||     8
       Potion            |       |     1 ||     1
 Stab: Sleeping          |    10 |     1 ||    11
  Eat: Chunk             |     4 |     1 ||     5
